 Dungeon Crawl Stone Soup version 0.20-a0-1126-g0f15420 (webtiles) character file.

525 poirepourri the Shield-Bearer (level 7, 0/61 HPs)
             Began as a Minotaur Fighter on May 17, 2017.
             Slain by Duvessa
             ... wielding a +0 short sword
              (1 damage)
             ... on level 4 of the Dungeon.
             The game lasted 00:03:47 (3345 turns).

poirepourri the Shield-Bearer (Minotaur Fighter)    Turns: 3345, Time: 00:03:48

Health: 0/61       AC:  8    Str: 20      XL:     7   Next: 2%
Magic:  6/6        EV: 14    Int:  5      God:
Gold:   114        SH: 11    Dex: 16 (17) Spells: 6/6 levels left

rFire    . . .     SeeInvis .   a - +0 war axe
rCold    + . .     Gourm    .   c - +0 shield
rNeg     . . .     Faith    .   b - +0 scale mail
rPois    .         Spirit   .   (helmet restricted)
rElec    .         Reflect  .   (no cloak)
rCorr    +         Harm     .   (no gloves)
MR       .....                  i - +0 pair of boots
Stlth    +.........             f - amulet of rage
Regen    0.2/turn               k - ring of protection from cold
MPRegen  0.1/turn               j - ring of resist corrosion

@: agile, lethally poisoned (0 -> -10)
A: retaliatory headbutt, horns 2
a: Evoke Berserk Rage


You were on level 4 of the Dungeon.
You were not hungry.

You visited 1 branch of the dungeon, and saw 4 of its levels.

You collected 114 gold pieces.

Inventory:

Hand Weapons
 a - a +0 war axe (weapon)
Missiles
 h - 100 bolts
 l - a throwing net
 n - 2 javelins (quivered)
Armour
 b - a +0 scale mail (worn)
 c - a +0 shield (worn)
 i - a +0 pair of boots (worn)
Jewellery
 f - an amulet of rage (around neck)
 j - a ring of resist corrosion (right hand)
 k - a ring of protection from cold (left hand)
Scrolls
 d - a scroll of blinking
 m - a scroll of recharging
 p - a scroll of teleportation
Potions
 e - a potion of agility


   Skills:
 + Level 5.4 Fighting
 + Level 5.8 Axes
 - Level 3.6 Armour
 + Level 2.2 Dodging
 + Level 6.2 Shields


You had 6 spell levels left.
You didn't know any spells.

Dungeon Overview and Level Annotations

Branches:
Dungeon (4/15)
 Temple: D:4-7

Altars:
Dithmenos
Ru
Sif Muna
Wu Jian
Xom

Annotations:
D:4 Duvessa


Innate Abilities, Weirdness & Mutations

You reflexively headbutt those who attack you in melee.
You have a pair of horns on your head.


Message History

You feel sick. Duvessa hits you with a short sword!
* * * LOW HITPOINT WARNING * * *
Things that are here:
a dagger of venom; a robe; the elf corpse of Dowan Unknown command.
You slash Duvessa! You headbutt Duvessa.
Duvessa is almost dead.
* * * LOW HITPOINT WARNING * * *
You feel sick. Duvessa hits you but does no damage. You block Duvessa's attack.
Unknown command.
Okay, then.
You barely miss Duvessa. You headbutt Duvessa, but do no damage.
Duvessa is almost dead.
* * * LOW HITPOINT WARNING * * *
You feel sick. Duvessa closely misses you. You block Duvessa's attack.
You hit Duvessa. You headbutt Duvessa.
Duvessa is almost dead.
* * * LOW HITPOINT WARNING * * *
You feel sick. Duvessa hits you with a short sword.
You die...

#.............. ##
#.#####....###. ..
#.#.........##. ##.
#.#.###..#..... #.. #.#
#..#.(##. #.. #.#
#..#|.##.
##.##..###.#.###..#..##.
#...?.e.......##..#.....
#/.....@.......#..#.###.
#.#.....###.#...........
#..##.###.#.###.......
#.. ..............#.#.
... ...................
#.# .#####..#.........#.
#. .. ................#.
..................
.##.#.#...........


You could see Duvessa (berserk).

Vanquished Creatures
  Eustachio (D:4)
  The ghost of Protee the Insei, an amateur DsTm (D:3)
  Dowan (D:4)
  2 worker ants (D:4)
  4 gnolls (D:3)
  A howler monkey skeleton (D:4)
  4 adders
  An ooze (D:4)
  5 worms
  A dart slug (D:1)
  A leopard gecko (D:3)
  5 giant cockroaches
  2 goblins (D:2)
  8 hobgoblins
  2 jackals (D:3)
  7 kobolds
  2 quokkas (D:2)
  A ball python (D:3)
  3 bats
  4 frilled lizards
  7 rats
63 creatures vanquished.

Notes
Turn   | Place    | Note
-------+----------+-------------------------------------------
     0 | D:1      | poirepourri the Minotaur Fighter began the quest for the Orb.
     0 | D:1      | Reached XP level 1. HP: 19/19 MP: 0/0
   521 | D:1      | Reached skill level 4 in Shields
   521 | D:1      | Reached XP level 2. HP: 25/27 MP: 1/1
  1099 | D:2      | Reached XP level 3. HP: 33/33 MP: 2/2
  1101 | D:2      | Found a sacrificial altar of Ru.
  1114 | D:2      | Found a shimmering altar of Xom.
  1117 | D:2      | Found a shadowy altar of Dithmenos.
  1120 | D:2      | Found an ornate altar of the Wu Jian Council.
  1481 | D:2      | Found a deep blue altar of Sif Muna.
  1905 | D:3      | Reached XP level 4. HP: 26/41 MP: 3/3
  1949 | D:3      | Noticed Protee's ghost (amateur DsTm)
  1958 | D:3      | Killed Protee's ghost
  1958 | D:3      | Reached skill level 1 in Dodging
  1958 | D:3      | Reached skill level 5 in Shields
  1958 | D:3      | Reached XP level 5. HP: 27/47 MP: 4/4
  2432 | D:4      | Reached skill level 5 in Fighting
  2479 | D:4      | Reached XP level 6. HP: 56/56 MP: 5/5
  2496 | D:4      | Noticed Eustachio
  2813 | D:3      | Reached skill level 5 in Axes
  3061 | D:4      | Killed Eustachio
  3061 | D:4      | Reached skill level 6 in Shields
  3323 | D:4      | Noticed Duvessa
  3324 | D:4      | Noticed Dowan
  3341 | D:4      | Killed Dowan
  3341 | D:4      | Reached XP level 7. HP: 18/61 MP: 6/6
  3344 | D:4      | HP: 2/61 [poisoned by Dowan]
  3345 | D:4      | Slain by Duvessa

Vault maps used:
D:1:      dpeg_arrival_castle, minmay_misc_feat_roman
D:2:      grunt_temple_overflow_cloverleaf, led_sif_pool
D:4:      uniq_robin, uniq_duvessa, uniq_eustachio

Skill      XL: |  1  2  3  4  5  6 |
---------------+-------------------+-----
Shields        | 4 5 6 |  6.2
Fighting       | 4 5 |  5.4
Axes           | 3 4 5 |  5.8
Dodging        | 1 2 |  2.2
Armour         | |  3.6

Action                   |  1- 3 |  4- 6 |  7- 9 || total
-------------------------+-------+-------+-------++-------
Melee: War axe           |    90 |   108 |     3 ||   201
       Headbutt          |    12 |    22 |     3 ||    37
Throw: Javelin           |       |     2 |       ||     2
       Throwing net      |       |     1 |       ||     1
  Use: Scroll            |     7 |     5 |       ||    12
       Potion            |       |     7 |       ||     7
 Stab: Invisible         |       |     1 |       ||     1
  Eat: Bread ration      |     1 |     1 |       ||     2
Armor: Scale mail        |    59 |    85 |     1 ||   145
Dodge: Dodged            |    35 |    79 |     3 ||   117
Block: Shield            |    71 |   115 |     2 ||   188
